 Dungeon Crawl Stone Soup version 0.24-a0-57-gac335f2 (webtiles) character file.

Game seed: 17383344840508265061

306 Wolfram the Geomancer (level 6, -10/32 HPs)
             Began as a Gargoyle Earth Elementalist on Feb 4, 2019.
             Killed from afar by a gargoyle (25 damage)
             ... with a stone arrow
             ... on level 7 of the Dungeon.
             The game lasted 00:08:39 (3192 turns).

Wolfram the Geomancer (Gargoyle Earth Elementalist) Turns: 3192, Time: 00:08:39

Health: -10/32     AC:  6    Str: 11    XL:     6   Next: 39%
Magic:  4/9        EV: 11    Int: 18    God:
Gold:   167        SH:  4    Dex: 13    Spells: 3/9 levels left

rFire    . . .     SeeInvis .   a - +0 spear
rCold    . . .     Gourm    .   h - +0 buckler
rNeg     + + .     Faith    .   q - +0 robe (curse)
rPois    ∞         Spirit   .   (no helmet)
rElec    +         Reflect  .   (no cloak)
rCorr    .         Harm     .   (no gloves)
MR       .....                  (no boots)
Stlth    ++........             (no amulet)
HPRegen  0.10/turn              l - +3 ring of dexterity
MPRegen  0.11/turn              m - ring of positive energy (curse)

@: no status effects
A: negative energy resistance 1, electricity resistance, unbreathing,
petrification resistance, rot immunity, AC +4
a: no special abilities


You were on level 7 of the Dungeon.
You were not hungry.

You visited 1 branch of the dungeon, and saw 5 of its levels.

You collected 167 gold pieces.


Innate Abilities, Weirdness & Mutations

You are resistant to torment.
Your stone body is resilient. (AC +4)
You are immune to poison.
You resist negative energy. (rN+)
You are resistant to electric shocks. (rElec)
You can survive without breathing.
You are immune to petrification.
You are immune to rotting.


   Skills:
 - Level 1.5 Dodging
 - Level 2.1 Stealth
 + Level 1.9 Shields
 - Level 2.0 Spellcasting
 - Level 0.7 Transmutations
 - Level 8.0 Earth Magic


You had 3 spell levels left.
You knew the following spells:

 Your Spells              Type           Power        Failure   Level  Hunger
a - Sandblast             Erth           ####..       1%          1    #......
b - Passwall              Tmut/Erth      ###.....     6%          2    ###....
c - Stone Arrow           Conj/Erth      ###...       13%         3    ###....

Your spell library contained the following spells:

 Spells                   Type           Power        Failure   Level  Hunger
 Lee's Rapid Deconstruct  Erth           ####......   24%         5    ######.
 Petrify                  Tmut/Erth      ###.....     36%         4    #####..

Inventory:

Hand Weapons
 a - a +0 spear (weapon)
 r - a cursed -2 short sword
Missiles
 b - 57 stones (quivered)
 i - 50 sling bullets
Armour
 h - a +0 buckler (worn)
 q - a cursed +0 robe (worn)
Jewellery
 l - a +3 ring of dexterity (left hand)
 m - a cursed ring of positive energy (right hand)
Scrolls
 f - a scroll of enchant weapon {unknown}
 g - a scroll of enchant armour {unknown}
 j - a scroll of teleportation
 n - a scroll of blinking {unknown}
 p - a scroll of remove curse {unknown}
 s - a scroll of magic mapping {unknown}
 u - a scroll of fog {unknown}
 x - a scroll of acquirement {unknown}
Potions
 c - a potion of heal wounds
 e - a potion of curing
 k - 2 potions of brilliance {unknown}
 o - a potion of might
 t - 3 potions of magic {unknown}
 v - 2 potions of invisibility
 w - a potion of resistance {unknown}
Comestibles
 d - 4 rations


Message History

Aiming: Sandblast (safe; 1% risk of failure)
Press: ? - help, Shift-Dir - straight line, f/p - gargoyle
Aim: a gargoyle, wielding a +0 morningstar (severely damaged)
The blast of sand hits the gargoyle but does no damage.
The gargoyle is severely damaged.
b - 58 stones The gargoyle hurls a stone arrow at you.
The stone arrow misses you.
Casting: Sandblast (safe; 1% risk of failure)
Confirm with . or Enter, or press ? or * to list all spells.
Aiming: Sandblast (safe; 1% risk of failure)
Press: ? - help, Shift-Dir - straight line, f/p - gargoyle
Aim: a gargoyle, wielding a +0 morningstar (severely damaged)
The blast of sand hits the gargoyle but does no damage.
The gargoyle is severely damaged.
b - 57 stones The gargoyle hurls a stone arrow at you.
The stone arrow hits you!!
Ouch! That really hurt!
You die...

▒▒▒▒▒ ····▒ ▒▒▒▒▒
▒▒▒·▒ ▒···
▒·▒▒▒▒▒·▒▒▒▒▒▒▒▒▒
▒▒▒·······>·······▒
··········▒▒▒▒▒▒▒·▒
·▒········▒ ▒·▒
≣≣·▒▒▒▒▒·▒▒ ▒@▒ ≣≣≣
▒·▒ ▒·9·····% ≈♪≣
▒·▒ ▒▒▒▒▒▒▒▒▒ ≣·≣
▒·▒ ⸬·≣ ▒·▒ ≣·≣ §⸘≣
≣≣≣


You could see a gargoyle.

Vanquished Creatures
  A sky beast (D:4)
  A bullfrog (D:7)
  A scorpion (D:7)
  A howler monkey zombie (D:7)
  3 gnolls (D:2)
  A shadow imp (D:7)
  An adder skeleton (D:4)
  4 worms (D:2)
  A dart slug (D:2)
  A leopard gecko (D:2)
  4 orcs (D:3)
  6 giant cockroaches
  4 goblins
  A hobgoblin (D:2)
  6 kobolds
  A quokka (D:2)
  6 bats
  2 frilled lizards (D:2)
  6 rats
51 creatures vanquished.

Notes
Turn   | Place    | Note
-------+----------+-------------------------------------------
     0 | D:1      | Wolfram the Gargoyle Earth Elementalist began the quest for
                  | the Orb.
     0 | D:1      | Reached XP level 1. HP: 10/10 MP: 3/3
   123 | D:1      | Reached skill level 4 in Earth Magic
   838 | D:1      | Reached XP level 2. HP: 10/15 MP: 1/5
  1482 | D:2      | Reached XP level 3. HP: 19/19 MP: 4/6
  1483 | D:2      | Reached skill level 5 in Earth Magic
  1992 | D:2      | Noticed an air elemental
  1994 | D:2      | Found a stormy altar of Qazlal.
  1996 | D:2      | Noticed a water elemental
  1996 | D:2      | Noticed a fire elemental
  1996 | D:2      | Noticed an earth elemental
  2173 | D:2      | Reached XP level 4. HP: 17/24 MP: 1/7
  2283 | D:2      | Reached skill level 6 in Earth Magic
  2636 | D:3      | Noticed Grinder
  2829 | D:3      | Learned a level 2 spell: Passwall
  2833 | D:3      | Learned a level 3 spell: Stone Arrow
  2850 | D:3      | Noticed Sigmund
  2909 | D:4      | Noticed a sky beast
  2941 | D:4      | Killed a sky beast
  2941 | D:4      | Reached skill level 7 in Earth Magic
  2941 | D:4      | Reached XP level 5. HP: 27/28 MP: 3/8
  3022 | D:4      | You fall through a shaft for 3 floors!
  3058 | D:7      | Reached XP level 6. HP: 32/32 MP: 5/9
  3139 | D:7      | Found a shimmering altar of Xom.
  3139 | D:7      | Found a hide-covered altar of Uskayaw.
  3171 | D:7      | Reached skill level 8 in Earth Magic
  3184 | D:7      | Reached skill level 1 in Shields
  3187 | D:7      | Noticed a gargoyle
  3192 | D:7      | Killed from afar by a gargoyle

Vault maps used:
D:1:      saegor_arrival_simple_e
D:2:      nicolae_qazlal_style_of_elements
D:3:      nicolae_overflow_hidden_temple, portal_sewer_entry_d, uniq_sigmund,
          uniq_grinder
D:4:      uniq_natasha, uniq_ijyb
D:7:      gammafunk_temple_overflow_elements, uniq_joseph,
          uniq_crazy_yiuf_cottage

Action                   |  1- 3 |  4- 6 || total
-------------------------+-------+-------++-------
Melee: Dagger            |    75 |       ||    75
       Spear             |    46 |    38 ||    84
 Cast: Sandblast         |    24 |    30 ||    54
  Use: Scroll            |       |     4 ||     4
 Stab: Sleeping          |     1 |     2 ||     3
  Eat: Chunk             |     4 |     4 ||     8
Armor: Robe              |    43 |    17 ||    60
Dodge: Dodged            |    66 |    20 ||    86
Block: Buckler           |    15 |     5 ||    20
